 Dungeon Crawl Stone Soup version 0.29-a0-653-gd47aff6735 (webtiles) character file.

Game seed: 16448339727481989422

4 DocClef the Magician (level 1, -2/10 HPs)
             Began as a Tengu Hedge Wizard on June 21, 2022.
             Slain by a gnoll
             ... wielding a +0 spear
              (7 damage)
             ... on level 1 of the Dungeon.
             The game lasted 00:00:35 (164 turns).

DocClef the Magician (Tengu Hedge Wizard)            Turns: 164, Time: 00:00:37

Health: -2/10      AC:  2    Str: 10    XL:     1   Next: 60%
Magic:  4/5        EV: 12    Int: 14    God:
Gold:   9          SH:  0    Dex: 13    Spells: 5/6 levels left

rFire   . . .      SeeInvis .   a - +0 dagger
rCold   . . .      Faith    .   (no shield)
rNeg    . . .      Spirit   .   b - +0 robe
rPois   .          Reflect  .   c - +0 hat
rElec   .          Harm     .   (no cloak)
rCorr   .          Rampage  .   (no gloves)
Will    .....                   (boots unavailable)
Stlth   ++........              (no amulet)
HPRegen 0.03/turn               (no ring)
MPRegen 0.09/turn               (no ring)

@: no status effects
A: beak, talons 3
a: no special abilities


You were on level 1 of the Dungeon.
You visited 1 branch of the dungeon, and saw 1 of its levels.

You collected 9 gold pieces.

Inventory:

Hand Weapons
 a - a +0 dagger (weapon)
Armour
 b - a +0 robe (worn)
 c - a +0 hat (worn)
Scrolls
 e - a scroll of poison {unknown}
 f - a scroll of blinking {unknown}
 g - a scroll of fog {unknown}
Potions
 d - a potion of magic


   Skills:
 - Level 2.2 Dodging
 - Level 2.0 Stealth
 + Level 3.1 Spellcasting
 - Level 1.4 Conjurations
 - Level 1.2 Summonings
 - Level 0.8 Translocations


You had 5 spell levels left.
You knew the following spells:

 Your Spells              Type           Power      Damage    Failure   Level
a - Magic Dart            Conj           24%        1d4       12%         1

Your spell library contained the following spells:

 Spells                   Type           Power      Damage    Failure   Level
 Call Imp                 Summ           5%         N/A       19%         2
 Slow                     Hex            8%         N/A       22%         1
 Blink                    Tloc           8%         N/A       24%         2
 Conjure Flame            Conj/Fire      4%         6-21      43%         3
 Mephitic Cloud           Conj/Pois/Air  3%         N/A       45%         3


Dungeon Overview and Level Annotations

Branches:
Dungeon (1/15)

Altars:


Innate Abilities, Weirdness & Mutations

You have a beak for a mouth.
You have claws for feet.


Message History

Casting: Magic Dart (safe; 12% risk of failure)
Confirm with . or Enter, or press ? or * to list all spells.
Aiming: Magic Dart (safe; 12% risk of failure)
Press: ? - help, Shift-Dir - straight line, f - ball python
Aim: a ball python (100% to hit)
The magic dart hits the ball python.
The ball python is moderately wounded.
A ball python is nearby!
Casting: Magic Dart (safe; 12% risk of failure)
Confirm with . or Enter, or press ? or * to list all spells.
Aiming: Magic Dart (safe; 12% risk of failure)
Press: ? - help, Shift-Dir - straight line, f/p - ball python
Aim: a ball python (moderately wounded, 100% to hit)
The magic dart hits the ball python.
The ball python is heavily wounded.
Casting: Magic Dart (safe; 12% risk of failure)
Confirm with . or Enter, or press ? or * to list all spells.
Aiming: Magic Dart (safe; 12% risk of failure)
Press: ? - help, Shift-Dir - straight line, f/p - ball python
Aim: a ball python (heavily wounded, 100% to hit)
The magic dart hits the ball python.
You kill the ball python!
You see here a ball python corpse.
Found a pair of runed boots.
A gnoll comes into view. It is wielding a +0 spear.
The gnoll shouts!
The gnoll hits you from afar with a +0 spear.
Ouch! That really hurt!
A gnoll is nearby!
A gnoll is nearby!
Casting: Magic Dart (safe; 12% risk of failure)
Confirm with . or Enter, or press ? or * to list all spells.
Aiming: Magic Dart (safe; 12% risk of failure)
Press: ? - help, Shift-Dir - straight line, f - gnoll
Aim: a gnoll, wielding a +0 spear (100% to hit)
The magic dart hits the gnoll.
The gnoll is moderately wounded.
The gnoll hits you from afar with a +0 spear!
Ouch! That really hurt!
You die...

#.#
#######.###..
#.# #.....#..
..# #.###.#.#
### #. #.#.#
#.###.#.#
###.....#.#
...........#
.#####.###.#
#.. #@#
...#.g..#
###...####
.... ###


You could see a gnoll.

Vanquished Creatures
  3 ball pythons (D:1)
  A frilled lizard (D:1)
4 creatures vanquished.

Notes
Turn   | Place    | Note
-------+----------+-------------------------------------------
     0 | D:1      | DocClef the Tengu Hedge Wizard began the quest for the Orb.
     0 | D:1      | Reached XP level 1. HP: 10/10 MP: 5/5
   164 | D:1      | Slain by a gnoll

Illustrated notes

Levels and vault maps discovered:
D:1:      mrwooster_arrival_statue_2, layout_loops_ring,
          minmay_misc_feat_columns

Action                   || total
-------------------------++-------
 Cast: Magic Dart        ||     9

Table legend: (Time is in decaauts)
 A = Elapsed time spent in this place.
 B = Non-inter-level travel time spent in this place.
 C = Inter-level travel time spent in this place.
 D = Time resting spent in this place.
 E = Time spent auto-exploring this place.
 F = Levels seen in this place.
 G = Mean time per level.
                   A        B        C        D        E       F      G
               +--------+--------+--------+--------+--------+-----+--------+
         Total |    164 |    164 |      0 |      0 |    140 |   1 |  164.0 |
       Dungeon |    164 |    164 |      0 |      0 |    140 |   1 |  164.0 |
               +--------+--------+--------+--------+--------+-----+--------+

Top non-repeatable levels by time:
     D:1: 164 daAuts
